 Dungeon Crawl Stone Soup version 0.23-a0-189-gc87c613 (webtiles) character file.

35 Felrender the Skirmisher (level 3, 0/33 HPs)
             Began as a Minotaur Abyssal Knight on Sept 23, 2018.
             Was a Follower of Lugonu.
             Succumbed to an adder's poison
             ... on level 2 of the Dungeon.
             The game lasted 00:01:42 (973 turns).

Felrender the Skirmisher (Minotaur Abyssal Knight)   Turns: 973, Time: 00:01:43

Health: 0/33       AC:  3    Str: 22    XL:     3   Next: 17%
Magic:  3/3        EV: 11    Int:  9    God:    Lugonu [*.....]
Gold:   55         SH:  0    Dex:  9    Spells: 2/2 levels left

rFire    . . .     SeeInvis .   a - +1 falchion
rCold    . . .     Gourm    .   (no shield)
rNeg     . . .     Faith    .   b - +0 leather armour
rPois    .         Spirit   .   (helmet restricted)
rElec    .         Reflect  .   (no cloak)
rCorr    .         Harm     .   (no gloves)
MR       .....                  (no boots)
Stlth    +.........             (no amulet)
HPRegen  0.11/turn              (no ring)
MPRegen  0.08/turn              (no ring)

@: mighty, lethally poisoned (0 -> -2)
A: retaliatory headbutt, horns 2
a: Depart the Abyss, Renounce Religion


You were on level 2 of the Dungeon.
You worshipped Lugonu.
Lugonu was aware of your devotion.
You were completely stuffed.

You visited 1 branch of the dungeon, and saw 2 of its levels.
You visited the Abyss 1 time.

You collected 55 gold pieces.

Inventory:

Hand Weapons
 a - a +1 falchion (weapon)
Armour
 b - a +0 leather armour (worn)
Jewellery
 d - a +3 ring of dexterity {unknown}
 e - an uncursed amulet of the gourmand {unknown}
Scrolls
 f - a scroll of identify {unknown}
 i - 3 scrolls of fear
Comestibles
 c - 2 rations


   Skills:
 + Level 4.3 Fighting
 + Level 3.2 Long Blades
 + Level 3.1 Armour
 + Level 1.1 Dodging
 + Level 1.8 Invocations


You had 2 spell levels left.
You didn't know any spells.
Your spell library was empty.

Dungeon Overview and Level Annotations

Branches:
Dungeon (2/15)

Altars:


Innate Abilities, Weirdness & Mutations

You reflexively headbutt those who attack you in melee.
You have a pair of horns on your head.


Message History

You feel sick.
There is a lethal amount of poison in your body!
There is a lethal amount of poison in your body!
There is a lethal amount of poison in your body!
* * * LOW HITPOINT WARNING * * *
You feel sick.
Found 17 stones.
* * * LOW HITPOINT WARNING * * *
You feel sick.
Found 17 bolts.
You see here a ration.
c - 5 rations (gained 1)
* * * LOW HITPOINT WARNING * * *
You feel sick.
Unknown command.
There is a lethal amount of poison in your body!
You eat one of the 5 rations.
That ration really hit the spot!
You eat one of the 4 rations.
That ration really hit the spot!
You eat one of the 3 rations.
That ration really hit the spot!
You die...

.........#
.........#
.........#
...(.....#
#.........# .
#.........####...
#...............#
###..###..@..#..#
#..............#
#........##...(.#
#........# .#####
#........##..
#####.###...#.
#..........##.#
#..>......... .
####.......#.###.


There were no monsters in sight!

Vanquished Creatures
  An adder (D:2)
  An ooze (D:1)
  A dart slug (D:1)
  A leopard gecko (D:1)
  3 bats
  3 giant cockroaches
  A hobgoblin (D:1)
  A ball python (D:2)
  2 frilled lizards (D:1)
  3 goblins (D:1)
  A kobold (D:1)
  A rat (D:1)
19 creatures vanquished.

Notes
Turn   | Place    | Note
-------+----------+-------------------------------------------
     0 | Abyss:1  | Felrender the Minotaur Abyssal Knight began the quest for
                  | the Orb.
     0 | Abyss:1  | Reached XP level 1. HP: 19/19 MP: 1/1
    34 | Abyss:1  | Noticed a raiju
    34 | Abyss:1  | Noticed a raiju
    56 | Abyss:1  | Noticed a raiju
    57 | D:1      | Escaped the Abyss
   353 | D:1      | Reached XP level 2. HP: 27/27 MP: 2/2
   362 | D:1      | Reached skill level 4 in Fighting
   366 | D:1      | Reached * piety under Lugonu
   963 | D:2      | Reached XP level 3. HP: 4/33 MP: 3/3
   970 | D:2      | HP: 1/33 [poisoned by an adder]
   973 | D:2      | Succumbed to an adder's poison

Vault maps used:
D:1:      dpeg_arrival_court
D:2:      first_ration

Skill      XL: |  1  2 |
---------------+-------+-----
Fighting       | 4 |  4.3
Long Blades    | 3 |  3.2
Armour         | 3 |  3.1
Dodging        | |  1.1
Invocations    | |  1.8

Action                   || total
-------------------------++-------
Melee: Falchion          ||    26
       Headbutt          ||     5
Invok: Depart the Abyss  ||     1
  Use: Scroll            ||     6
       Potion            ||     1
  Eat: Ration            ||     3
Armor: Leather armour    ||     6
Dodge: Dodged            ||    18
       Rpst.: Falchion   ||     5

Table legend:
 A = Non-vault XP
 B = Vault XP
 C = Vault XP percentage of total XP
 D = Non-vault monster count
 E = Vault monster count
 F = Vault count percentage of total count
                 A         B        C        D         E       F
            +---------+---------+-------+---------+---------+-------
      Total |      51 |       0 |   0.0 |      19 |       0 |   0.0
            +---------+---------+-------+---------+---------+-------
        D:1 |      31 |       0 |   0.0 |      14 |       0 |   0.0
        D:2 |      20 |       0 |   0.0 |       5 |       0 |   0.0
            +---------+---------+-------+---------+---------+-------
